 Dungeon Crawl Stone Soup version 0.14-a0-1773-ge500af7 (webtiles) character file.

1266 Mitsuki the Covered (level 8, -7/74 HPs)
             Began as a Deep Dwarf Fighter on Jan 6, 2014.
             Was an Initiate of Makhleb.
             Mangled by a goliath beetle (15 damage)
             ... on Level 6 of the Dungeon.
             The game lasted 00:17:45 (3912 turns).

Mitsuki the Covered (Deep Dwarf Fighter)            Turns: 3912, Time: 00:17:45

HP  -7/74        AC  3     Str 22      XL: 8   Next:  1%
MP   5/5         EV  8     Int  9      God: Makhleb [......]
Gold 254         SH  0     Dex 11 (12) Spells:  0 memorised,  7 levels left

rFire  + . .     SeeInvis .     a - +0 dwarf hand axe
rCold  . . .     Clarity  .     k - +1 leather armour {rF+}
rNeg   . . .     Conserve .     c - +0 dwarf shield
rPois  .         rCorr    .     m - +0 cap
rElec  .         rRot     .     (no cloak)
SustAb . .       Spirit   .     (no gloves)
rMut   .         Warding  .     (no boots)
Saprov . . .     Stasis   .     (no amulet)
                                (no ring)
                                (no ring)

@: non-regenerating, confused, somewhat resistant to hostile enchantments,
extremely unstealthy
A: damage resistance, recharge devices, deformed body, low mp 1, sense
surroundings 1, slow healing 3, wild magic 1
a: Device Recharging, Renounce Religion


You were on level 6 of the Dungeon.
You worshipped Makhleb.
Makhleb was noncommittal.
You were hungry.

You visited 2 branches of the dungeon, and saw 7 of its levels.

You collected 254 gold pieces.

Inventory:

Hand weapons
 a - a +0,+0 dwarven hand axe (weapon)
Armour
 c - a +0 dwarven shield (worn)
 k - a +1 leather armour of fire resistance (worn)
 l - a +2 plate armour
 m - a +0 cap (worn)
Magical devices
 d - a wand of heal wounds (5)
Comestibles
 f - 3 bread rations
 g - a rotting chunk of worker ant flesh
Scrolls
 b - 2 scrolls of teleportation {unknown}
 h - 2 scrolls of remove curse
 i - 3 scrolls of identify
 j - 2 scrolls of immolation {unknown}
 o - 2 scrolls of amnesia
 r - 2 scrolls of blinking
Potions
 e - 2 potions of brilliance


   Skills:
 + Level 5.1 Fighting
 + Level 6.5 Axes
 + Level 6.9 Armour
 - Level 3.2 Shields


You had 7 spell levels left.
You didn't know any spells.

Dungeon Overview and Level Annotations

Branches:
Dungeon (6/16)             Temple (1/1) D:5

Altars:
Cheibriados
Elyvilon
Fedhas
Kikubaaqudgha
Makhleb
Okawaru
Trog
Vehumet
Xom
Zin
the Shining One

Annotations:
D:6 Eustachio


Innate Abilities, Weirdness & Mutations

You are resistant to damage.
You can recharge devices by infusing magical energy.
You passively map a small area around you.
You do not heal naturally.
Armour fits poorly on your strangely shaped body.
Your magical capacity is low (-10% MP).
Your spells are a little harder to cast, but a little more powerful.


Message History

You slash the worm!
You kill the worm!
Makhleb accepts your kill. The bat hits you but does no damage.
You hit Eustachio.
Eustachio is lightly wounded.
The bat hits you but does no damage.
Eustachio zaps a wand.
You are confused.
You closely miss Eustachio.
Eustachio is lightly wounded.
Eustachio mumbles some strange words.
Ouch! The bat barely misses you. Eustachio hits you with a falchion.
The goliath beetle bites you!
* * * LOW HITPOINT WARNING * * *
The bat hits you but does no damage.
You miss the bat. The bat barely misses you.
Eustachio zaps a wand.
You resist with almost no effort.
Your shield prevents you from hitting the goliath beetle.
The bat closely misses you. The goliath beetle bites you!
You die...

*###.
######....#
#.........
#.#......
###....#@# ,
#(......!# * ,
#.#<.....#
*,#b#....## ≈
#@#.....## ≈
*,#B@......#..
≈
#b...........
≈
#..........#!.
###.......## .
** #......?...
##..#.#.#..
#?.....#.
#..#.### *


You could see a goliath beetle, Eustachio and 2 bats.

Vanquished Creatures
  Grinder (D:4)
  Menkaure (D:4)
  A sky beast (D:5)
  A water moccasin (D:5)
  A jelly (D:5)
  3 hounds
  A quasit (D:4)
  An orc priest (D:3)
  8 worker ants
  An orc wizard (D:4)
  An adder (D:4)
  3 worms
  3 giant mites
  A grey rat (D:6)
  A giant eyeball (D:4)
  2 giant geckos
  An ooze (D:3)
  7 orcs
  8 goblins
  13 hobgoblins
  4 jackals (D:2)
  9 kobolds
  A ball python (D:1)
  9 bats
  5 giant cockroaches
  6 giant newts
  A goblin skeleton (D:4)
  11 rats
105 creatures vanquished.

Notes
Turn   | Place    | Note
--------------------------------------------------------------
     0 | D:1      | Mitsuki, the Deep Dwarf Fighter, began the quest for the Orb.
     0 | D:1      | Reached XP level 1. HP: 20/20 MP: 1/1
   379 | D:1      | Reached XP level 2. HP: 21/27 MP: 2/2
   656 | D:2      | Reached skill level 4 in Armour
   745 | D:2      | Reached XP level 3. HP: 23/34 MP: 3/3
  1542 | D:3      | Reached XP level 4. HP: 23/42 MP: 4/4
  1614 | D:3      | Gained mutation: Your magical capacity is low (-10% MP). [potion of mutation]
  1614 | D:3      | Gained mutation: Armour fits poorly on your strangely shaped body. [potion of mutation]
  1774 | D:3      | Found a blossoming altar of Fedhas.
  1774 | D:3      | Found a snail-covered altar of Cheibriados.
  2139 | D:3      | Reached XP level 5. HP: 20/50 MP: 4/4
  2216 | D:4      | Reached skill level 5 in Armour
  2250 | D:4      | Noticed Menkaure
  2268 | D:4      | Killed Menkaure
  2268 | D:4      | Reached XP level 6. HP: 26/57 MP: 4/4
  2598 | D:4      | Reached skill level 5 in Axes
  2693 | D:4      | Noticed Grinder
  2710 | D:4      | Paralysed by Grinder for 6 turns
  2758 | D:4      | Killed Grinder
  2758 | D:4      | Reached skill level 6 in Armour
  2758 | D:4      | Reached XP level 7. HP: 30/66 MP: 5/5
  2852 | D:4      | Gained mutation: You are dopey. (Int -2) [potion of mutation]
  2852 | D:4      | Lost mutation: You are dopey. (Int -2) [potion of mutation]
  2852 | D:4      | Gained mutation: Your spells are a little harder to cast, but a little more powerful. [potion of mutation]
  3022 | D:4      | Paralysed by a giant eyeball for 4 turns
  3056 | D:5      | Entered Level 5 of the Dungeon
  3082 | D:5      | Found a staircase to the Ecumenical Temple.
  3090 | Temple   | Entered the Ecumenical Temple
  3098 | Temple   | Became a worshipper of Makhleb the Destroyer
  3531 | D:5      | Reached skill level 5 in Fighting
  3533 | D:5      | Found a radiant altar of Vehumet.
  3784 | D:5      | Reached XP level 8. HP: 24/74 MP: 6/6
  3890 | D:6      | Noticed Eustachio
  3912 | D:6      | Mangled by a goliath beetle

Action                   |  1- 3 |  4- 6 |  7- 9 || total
-------------------------+-------+-------+-------++-------
Melee: Hand axe          |   128 |   243 |   140 ||   511
 Abil: Device Recharging |       |     1 |     1 ||     2
Evoke: Wand              |       |     7 |     3 ||    10
  Use: Potion            |     5 |     4 |     1 ||    10
       Scroll            |     1 |     7 |       ||     8
